 Dungeon Crawl Stone Soup version 0.31-a0-246-g8cbcc1cb85 (webtiles) character file.

Game seed: 12661268101038917808

81 qw the Shooter (level 4, -8/36 HPs)
             Began as a Minotaur Hexslinger on July 12, 2023.
             Killed by divine providence
             ... invoked by an orc priest
              (15 damage)
             ... on level 3 of the Dungeon.
             The game lasted 00:00:37 (1629 turns).

qw the Shooter (Minotaur Hexslinger)                Turns: 1629, Time: 00:00:37

Health: -8/36      AC:  5    Str: 13    XL:     4   Next: 20%
Magic:  4/4        EV: 11    Int: 10    God:
Gold:   88         SH:  0    Dex: 14    Spells: 4/5 levels left

rFire   . . .        Y - +1 sling
rCold   . . .        (no shield)
rNeg    + . .        j - +0 ring mail
rPois   .            (helmet restricted)
rElec   .            (no cloak)
rCorr   .            (no gloves)
SInv    .            (no boots)
Will    .....        (no amulet)
Stlth   +            h - ring of positive energy
HPRegen 0.26/turn    (no ring)
MPRegen 0.09/turn

%: no passive effects
@: no status effects
A: horns 2, retaliatory headbutt
a: no special abilities


You were on level 3 of the Dungeon.
You visited 1 branch of the dungeon, and saw 3 of its levels.

You collected 88 gold pieces.


Innate Abilities, Weirdness & Mutations

You have a pair of horns on your head.
You reflexively headbutt those who attack you in melee.


   Skills:
 - Level 2.0 Fighting
 + Level 4.5 Ranged Weapons
 - Level 1.1 Armour
 - Level 2.1 Dodging
 - Level 1.0 Spellcasting
 - Level 2.0 Hexes


You had 4 spell levels left.
You knew the following spells:

 Your Spells              Type           Power      Damage    Failure   Level
a - Slow                  Hex            16%        N/A       32%         1

Your spell library contained the following spells:

 Spells                   Type           Power      Damage    Failure   Level
 Inner Flame              Hex/Fire       2%         N/A       82%         3
 Portal Projectile        Hex/Tloc       4%         N/A       82%         3
 Cause Fear               Hex            2%         N/A       97%         4

Inventory:

Hand Weapons
 Y - a +1 sling (weapon)
Armour
 j - a +0 ring mail (worn)
Jewellery
 h - a ring of positive energy (left hand)
Scrolls
 i - a scroll of identify
Potions
 a - a potion of resistance {unknown}
 b - a potion of lignification {unknown}
 c - a potion of heal wounds {unknown}
 d - a potion of curing
 g - a potion of magic {unknown}

Dungeon Overview and Level Annotations

Branches:
Dungeon (3/15)

Altars:


Message History

The sling bullet hits the hound.
The hound is moderately wounded.
You shoot a sling bullet. The sling bullet hits the orc.
The orc is lightly wounded.
The orc hits you with a +0 whip.
An orc comes into view. It is wielding a +0 hand axe.
You shoot a sling bullet. The sling bullet hits the orc.
The orc is moderately wounded.
The orc hits you with a +0 whip. The orc hits you but does no damage.
You shoot a sling bullet.
The sling bullet completely misses the orc.
The sling bullet hits the hound.
The hound is heavily wounded.
The orc hits you with a +0 whip.
You shoot a sling bullet. The sling bullet hits the orc.
The orc is almost dead.
The orc hits you with a +0 whip.
You shoot a sling bullet. The sling bullet barely misses the orc.
The sling bullet barely misses the hound.
The sling bullet barely misses the orc priest.
The sling bullet hits the orc.
The orc is heavily wounded.
The orc hits you with a +0 whip. x2
The orc priest casts a cantrip, but nothing happens.
You shoot a sling bullet. The sling bullet hits the orc.
You kill the orc!
The hound bites you but does no damage.
The orc priest invokes the aid of Beogh against you.
Beogh smites you!
You shoot a sling bullet. The sling bullet hits the hound.
The hound is severely wounded.
The hound closely misses you. The hound completely misses you.
You furiously retaliate!
You headbutt the hound, but do no damage.
You shoot a sling bullet. The sling bullet hits the hound.
The hound is almost dead.
The hound bites you but does no damage.
The orc priest invokes the aid of Beogh against you.
Beogh smites you!
You die...

#.# #.# #.# #.#
#.# #.# #.# #.#
#.# #.# #. #.#
#.#
#.##########
#.#
...)ooh@...#
#.# #.#
...#######.#
#... #.#
....####.#
#.... #)#
#......# #...
#.# ######.#
#...# #.# #)##
....##.# #..###
#..#.. #....###
##..##
#.##...###.....


You could see a hound, an orc priest and an orc.

Vanquished Creatures
  Natasha (D:2)
  An adder (D:2)
  A dart slug (D:1)
  2 orcs (D:3)
  5 bats
  4 endoplasms
  A giant cockroach (D:2)
  4 goblins
  6 hobgoblins (D:1)
  2 jackals (D:1)
  5 kobolds
  A quokka (D:3)
  2 ball pythons
  4 rats
39 creatures vanquished.

Notes
Turn   | Place    | Note
-------+----------+-------------------------------------------
     0 | D:1      | qw the Minotaur Hexslinger began the quest for the Orb.
     0 | D:1      | Reached XP level 1. HP: 16/16 MP: 1/1
     0 | D:1      | 0 ||| qw: Version: 0.3-a-52-g30416fa
     0 | D:1      | 0 ||| qw: Game counter: 6417
     0 | D:1      | 0 ||| qw: Melee chars always use a shield: true
     0 | D:1      | 0 ||| qw: God list: Okawaru
     0 | D:1      | 0 ||| qw: Allow faded altars: false
     0 | D:1      | 0 ||| qw: Do Orc after clearing Dungeon:15 true
     0 | D:1      | 0 ||| qw: Do second Lair branch before Depths: true
     0 | D:1      | 0 ||| qw: Lair rune preference: random
     0 | D:1      | 0 ||| qw: Goals: Normal
     0 | D:1      | 0 ||| PLANNING D:1-11
    88 | D:1      | Reached skill level 3 in Ranged Weapons
    90 | D:1      | Reached XP level 2. HP: 21/23 MP: 2/2
   260 | D:1      | 260 ||| FLEEEEING.
   263 | D:1      | 263 ||| FLEEEEING.
   264 | D:1      | 264 ||| FLEEEEING.
   265 | D:1      | 265 ||| FLEEEEING.
   266 | D:1      | 266 ||| FLEEEEING.
   267 | D:1      | 267 ||| FLEEEEING.
   268 | D:1      | 268 ||| FLEEEEING.
   269 | D:1      | 269 ||| FLEEEEING.
   270 | D:1      | 270 ||| FLEEEEING.
   399 | D:1      | Reached XP level 3. HP: 29/29 MP: 3/3
   680 | D:1      | 680 ||| UPGRADING to +0 leather armour.
   690 | D:1      | 690 ||| DROPPING +0 robe.
   691 | D:1      | 691 ||| UPGRADING to +0 ring mail.
   701 | D:1      | 701 ||| DROPPING +0 leather armour.
   702 | D:1      | 702 ||| UPGRADING to ring of positive energy.
   703 | D:1      | 703 ||| READING scroll labelled OXYTRIEMUCW.
   704 | D:1      | 704 ||| READING scroll labelled RUEG CEFISUADA.
   705 | D:1      | 705 ||| READING scroll labelled VENOINIMMU.
   706 | D:1      | 706 ||| DRINKING 2 inky potions.
   707 | D:1      | 707 ||| DROPPING scroll of poison.
  1044 | D:2      | Found a faded altar of an unknown god.
  1066 | D:2      | Identified the +2 dagger "Achiysk" {freeze, SInv}
  1156 | D:2      | Noticed Natasha
  1163 | D:2      | HP: 6/29 [Natasha/magic dart (3)]
  1164 | D:2      | Killed Natasha
  1165 | D:2      | Reached skill level 4 in Ranged Weapons
  1389 | D:2      | Reached skill level 1 in Armour
  1389 | D:2      | Reached XP level 4. HP: 36/36 MP: 4/4
  1543 | D:2      | 1543 ||| READING scroll labelled BOUDGHA DISHRAU.
  1544 | D:2      | 1544 ||| READING 2 scrolls labelled NALEIL AFOEPLI.
  1545 | D:2      | 1545 ||| DROPPING scroll of butterflies.
  1627 | D:3      | HP: 6/36 [orc priest/divine providence (15)]
  1629 | D:3      | Killed from afar by an orc priest

Levels and vault maps discovered:
D:1:      dpeg_arrival_long_road, layout_rooms, nicolae_houndstooth_variations
D:2:      layout_basic, hellmonk_ecumenical_altar_crossroads, uniq_natasha
D:3:      layout_basic

Skill      XL: |  1  2  3 |
---------------+----------+-----
Ranged Weapons | 3 4 |  4.5
Fighting       | 2 |  2.0
Armour         | 1 |  1.1
Dodging        | |  2.1
Spellcasting   | |  1.0
Hexes          | |  2.0

Action                     |  1- 3 |  4- 6 || total
---------------------------+-------+-------++-------
   Fire: Sling             |   107 |    20 ||   127
    Use: Scroll            |     3 |     2 ||     5
         Potion            |     1 |       ||     1
 Armour: Robe              |     4 |       ||     4
         Ring mail         |     9 |     3 ||    12
  Dodge: Dodged            |    21 |     3 ||    24

Table legend:
 A = Non-vault XP
 B = Vault XP
 C = Vault XP percentage of total XP
 D = Non-vault monster count
 E = Vault monster count
 F = Vault count percentage of total count
                 A         B        C        D         E       F
            +---------+---------+-------+---------+---------+-------
      Total |      82 |      35 |  29.9 |      38 |       1 |   2.6
            +---------+---------+-------+---------+---------+-------
        D:1 |      46 |       0 |   0.0 |      25 |       0 |   0.0
        D:2 |      26 |      35 |  57.4 |       8 |       1 |  11.1
        D:3 |      10 |       0 |   0.0 |       5 |       0 |   0.0
            +---------+---------+-------+---------+---------+-------
